cohdb
Replays
Latest Replays
All Replays
Popular Replays
Top Player Replays
Match Explorer
How It Works
Community
CoH3 Stats
Reddit
Sign in to upload your games and track your stats! →
Sign in with Steam
Match 41620674
Unlisted
Match 41620674
Overview
Messages
Build Orders
End
Panzergrenadier Squad
Selects Italian Infantry
250 Light Carrier
250 Light Carrier
Construct Light Support Kompanie
MG34 Team
Combat Half-tracks
MG34 Team
Fire Support Elements
Flakvierling Half-track
2.5-tonne Medical Truck
Pak 38 Mechanized Group
Selects Guastatori Squad
Guastatori Squad
Guastatori Squad
Pak 38 Mechanized Group
Selects Registered Artillery
Selects Towed Cannone da 105/28 Field Howitzer
Construct Panzerarmee Kommand
Armored Reserves
Tiger Heavy Tank
Towed Cannone da 105/28 Field Howitzer
Selects Sound the Alarm
Selects Prepared Positions
Selects Obice 305mm Barrage
Registered Artillery
Obice 305mm Barrage
Gumshoe.Cambro
87390382
Noch
Mael Radec
Sk8erGirl
Ratko
[7thTN]Pvt.Anthony
DjuXi
0
0
Comments
sign in to comment!
No comments posted yet!